 Dungeon Crawl Stone Soup version 0.29-a0-72-g1732ff48e7 (webtiles) character file.

Game seed: 14481852797580095163

46 bande the Shield-Bearer (level 3, -1/23 HPs)
             Began as a Gargoyle Fighter on Feb 4, 2022.
             Slain by a black bear (3 damage)
             ... on level 2 of the Dungeon.
             The game lasted 00:02:35 (1715 turns).

bande the Shield-Bearer (Gargoyle Fighter)          Turns: 1715, Time: 00:02:35

Health: -1/23      AC: 11    Str: 19    XL:     3   Next: 68%
Magic:  3/3        EV:  9    Int:  8    God:
Gold:   66         SH:  4    Dex: 11    Spells: 2/2 levels left

rFire   . . .      SeeInvis .   a - +0 war axe
rCold   . . .      Faith    .   c - +0 buckler
rNeg    + . .      Spirit   .   b - +0 scale mail
rPois   ∞          Reflect  .   (no helmet)
rElec   +          Harm     .   (no cloak)
rCorr   .          Rampage  .   i - +0 pair of gloves
Will    .....                   (no boots)
Stlth   ..........              (no amulet)
HPRegen 0.07/turn               (no ring)
MPRegen 0.08/turn               (no ring)

@: mighty, flying
A: sickness immunity, AC +3, negative energy resistance 1, electricity
resistance, torment resistance 1, petrification resistance
a: no special abilities


You were on level 2 of the Dungeon.
You visited 1 branch of the dungeon, and saw 2 of its levels.

You collected 66 gold pieces.

Inventory:

Hand Weapons
 a - a +0 war axe (weapon)
 e - a +0 flail
 h - a +0 flail
Missiles
 g - a throwing net (quivered)
Armour
 b - a +0 scale mail (worn)
 c - a +0 buckler (worn)
 i - a +0 pair of gloves (worn)
Jewellery
 j - a +4 ring of protection
Scrolls
 k - a scroll of acquirement {unknown}


   Skills:
 + Level 3.6 Fighting
 + Level 2.3 Axes
 - Level 3.5 Armour
 + Level 0.4 Dodging
 + Level 4.0 Shields


You had 2 spell levels left.
You didn't know any spells.
Your spell library contained the following spells:

 Spells                   Type           Power      Damage    Failure   Level
 Scorch                   Fire           0%         2d5       94%         2
 Animate Armour           Summ/Erth      0%         N/A       100%        4
 Flame Wave               Conj/Fire      0%         2d4       100%        4
 Blade Hands              Tmut           0%         N/A       100%        5
 Iron Shot                Conj/Erth      0%         9d1       100%        6
 Summon Cactus Giant      Summ           0%         N/A       100%        6


Dungeon Overview and Level Annotations

Branches:
Dungeon (2/15)

Altars:


Innate Abilities, Weirdness & Mutations

You are immune to sickness and miasma.
Your stone body is resilient. (AC +3)
You are immune to poison.
You resist negative energy. (rN+)
You are resistant to electric shocks. (rElec)
You are resistant to unholy torment.
You are immune to petrification.


Message History

The worm bites you but does no damage. The black bear bites you.
The black bear claws you but does no damage.
The black bear barely misses you.
Unknown command.
You barely miss the worm.
The worm is heavily wounded.
You hit the black bear but do no damage.
The black bear bites you but does no damage.
The black bear claws you but does no damage.
The black bear closely misses you. You block the worm's attack.
You hit the worm.
The worm is severely wounded.
You hit the black bear but do no damage.
The black bear bites you. The black bear closely misses you.
The black bear claws you but does no damage.
You block the black bear's attack.
The black bear claws you but does no damage.
The black bear claws you. The worm bites you!
* * * LOW HITPOINT WARNING * * *
Unknown command.
You see here a +0 leather armour.
It was a potion of flight.
You feel very buoyant.
You fly up into the air.
The black bear completely misses you. The black bear claws you.
* * * LOW HITPOINT WARNING * * *
The black bear barely misses you.
You feel very mighty all of a sudden. The black bear barely misses you. x2
The black bear claws you but does no damage.
You hit the black bear.
The black bear is heavily wounded.
The black bear completely misses you. The black bear barely misses you.
The black bear claws you but does no damage.
You completely miss the black bear.
The black bear is heavily wounded.
The black bear bites you but does no damage.
The black bear barely misses you. You block the black bear's attack.
The black bear closely misses you. The black bear claws you.
You die...

#.# ... #
#.## .# .$.
..# # #.##.[
#.## ##.#.#
....
######...#
..##
#.@hw...#
###
#.####.#.#
#.# #.##.#
#.# #.# #..
##.## #.#
#.#
#...###.#
...
#.......#
###
#...######
############
##.......#


You could see a black bear and a worm.

Vanquished Creatures
  A gnoll (D:1)
  4 bats
  4 endoplasms (D:1)
  4 giant cockroaches (D:1)
  3 goblins (D:1)
  4 hobgoblins (D:1)
  4 jackals (D:2)
  2 kobolds (D:2)
  2 ball pythons (D:1)
  A frilled lizard (D:1)
  2 rats
31 creatures vanquished.

Notes
Turn   | Place    | Note
-------+----------+-------------------------------------------
     0 | D:1      | bande the Gargoyle Fighter began the quest for the Orb.
     0 | D:1      | Reached XP level 1. HP: 14/14 MP: 1/1
    28 | D:1      | Reached XP level 2. HP: 11/19 MP: 2/2
   424 | D:1      | Reached XP level 3. HP: 19/23 MP: 3/3
   495 | D:1      | Reached skill level 4 in Shields
  1699 | D:2      | Noticed a black bear
  1715 | D:2      | Slain by a black bear

Illustrated notes

Levels and vault maps discovered:
D:1:      psy_arrival_terrarium, layout_basic, chequers_jeans
D:2:      layout_loops_ring, basic_altar, serial_shops, nicolae_shop_statue_plus

Skill      XL: |  1  2  3 |
---------------+----------+-----
Axes           | 2 |  2.3
Shields        | 4 |  4.0
Fighting       | |  3.6
Armour         | |  3.5
Dodging        | |  0.4

Action                   || total
-------------------------++-------
Melee: War axe           ||    88
  Use: Scroll            ||     2
       Potion            ||     2
Armor: Scale mail        ||    87
Dodge: Dodged            ||    70
Block: Buckler           ||    25

Table legend: (Time is in decaauts)
 A = Elapsed time spent in this place.
 B = Non-inter-level travel time spent in this place.
 C = Inter-level travel time spent in this place.
 D = Time resting spent in this place.
 E = Time spent auto-exploring this place.
 F = Levels seen in this place.
 G = Mean time per level.
                   A        B        C        D        E       F      G
               +--------+--------+--------+--------+--------+-----+--------+
         Total |   1753 |   1753 |      0 |    717 |    713 |   2 |  876.5 |
       Dungeon |   1753 |   1753 |      0 |    717 |    713 |   2 |  876.5 |
               +--------+--------+--------+--------+--------+-----+--------+

Top non-repeatable levels by time:
     D:1: 1570 daAuts
     D:2: 183 daAuts
